 Dungeon Crawl Stone Soup version 0.19-a0-1019-g9c6a58d (webtiles) character file.

7029 Duffy the Cleaver (level 10, 86/86 HPs)
             Began as a Minotaur Fighter on July 27, 2016.
             Was a High Priest of Cheibriados.
             Quit the game in a bazaar.
             The game lasted 00:11:30 (9893 turns).

Duffy the Cleaver (Minotaur Fighter)                Turns: 9893, Time: 00:11:31

Health: 86/86      AC: 15    Str: 34    XL:     10   Next: 82%
Magic:  14/14      EV: 11    Int: 16    God:    Cheibriados [*****.]
Gold:   466        SH: 13    Dex: 26    Spells: 0 memorised, 9 levels left

rFire  + . .     SeeInvis +     a - +0 broad axe
rCold  . . .     Gourm    .     i - +0 plate armour
rNeg   . . .     Faith    +     c - +0 shield
rPois  .         Spirit   .     (helmet restricted)
rElec  .         Dismiss  .     M - +0 cloak
rCorr  .         Reflect  .     (no gloves)
SustAt .         Harm     .     k - +0 pair of boots
MR     .....                    C - amulet "Lyahuogh" {Faith rF+ Dex+4}
Stlth  ..........               (no ring)
                                l - ring of see invisible

@: very slightly contaminated, drained, very slow, not resistant to hostile
enchantments, extremely unstealthy
A: retaliatory headbutt, horns 2
a: Bend Time, Temporal Distortion, Slouch, Step From Time, Renounce Religion


You were in a bazaar.
You worshipped Cheibriados.
Cheibriados was extremely pleased with you.
You were not hungry.

You visited 1 branch of the dungeon, and saw 11 of its levels.
You visited 1 bazaar.

You collected 1736 gold pieces.
You spent 1270 gold pieces at shops.


Innate Abilities, Weirdness & Mutations

You reflexively headbutt those who attack you in melee.
You have a pair of horns on your head.


   Skills:
 - Level 7.2(7.1) Fighting
 + Level 12.1(12.0) Axes
 - Level 7.3(7.2) Armour
 - Level 5.7(5.6) Dodging
 - Level 7.3(7.2) Shields
 + Level 7.9(7.7) Invocations


You had 9 spell levels left.
You didn't know any spells.

Inventory:

Hand Weapons
 a - a +0 broad axe (weapon)
 b - a +0 blowgun
Missiles
 A - 2 curare-tipped needles
 D - 24 poisoned needles
 L - 11 tomahawks (quivered)
Armour
 c - a +0 shield (worn)
 i - a +0 plate armour (worn)
 k - a +0 pair of boots (worn)
 M - a +0 cloak (worn)
Jewellery
 l - a ring of see invisible (left hand)
 C - the amulet "Lyahuogh" (around neck) {Faith rF+ Dex+4}

   [amulet of faith]

   It allows you to gain divine favour quickly.
   It affects your dexterity (+4).
   It protects you from fire.
 J - an uncursed ring of fire
Wands
 e - a wand of acid (9/15)
 w - a wand of flame (12/48)
 z - a wand of iceblast (2/15)
 E - a wand of enslavement (16/24)
Scrolls
 d - a scroll of fog {unknown}
 j - 2 scrolls of random uselessness {unknown}
 n - 4 scrolls of remove curse
 o - 2 scrolls of recharging {unknown}
 q - 2 scrolls of immolation
 r - 7 scrolls of teleportation
 x - 2 scrolls of amnesia {unknown}
 y - a scroll of fear {unknown}
 B - a scroll of enchant weapon {unknown}
 H - 2 scrolls of enchant armour {unknown}
Potions
 g - 2 potions of flight
 h - a potion of might
 p - a potion of heal wounds
 u - 2 potions of resistance
 F - 3 potions of cancellation
 G - a potion of agility
 O - 2 potions of curing {unknown}
Comestibles
 f - 7 bread rations
 m - 2 slices of pizza
 s - 2 beef jerkies
 t - 7 fruits
 v - 3 meat rations

Dungeon Overview and Level Annotations

Branches:
Dungeon (11/15)            Temple (0/1) D:6
   Lair: D:8-11         Orc: D:9-12

Altars:
Cheibriados
Elyvilon
Kikubaaqudgha
Okawaru
Pakellas
Vehumet
Yredelemnul

Shops:
D:8 *   D:9 *?%*


Message History

There is an open door here.
There is an entrance to Jiwuh's Weapon Shoppe here.
As you open the door, it creaks loudly!
There is an open door here.
You open the door.
There is an open door here.
You open the door.
There is an open door here.
You open the door.
There is an open door here.
There is an entrance to Dieduomi's Jewellery Emporium here.
You can access your shopping list by pressing '$'.
You open the door.
There is an open door here.
You open the door.
There is an open door here.
As you open the door, it creaks loudly!
There is an open door here.
You open the door.
There is an open door here.
There is an entrance to Ywo Esse's Distillery here.
You can access your shopping list by pressing '$'.
Done exploring.
Done exploring.
Blink to where?
Press: ? - help, Dir - move target cursor You are very lightly contaminated with residual magic.
As you read the scroll labeled ARAENY MONOS, it crumbles to dust.
It was a scroll of blinking.
As you read the scroll labeled LEISOG SUYNUIJ, it crumbles to dust.
This is a scroll of acquirement! [a] Weapon [b] Armour [c] Jewellery [d] Book [e] Staff [f] Wand [g] Misc.
Evocable [h] Food [i] Gold What kind of item would you like to acquire? (\ to view known items)
Something appears at your feet!
You now have enough gold to buy a +6 ring of protection on this level, or buy the amulet "Lyahuogh" {Faith rF+ Dex+4} on this level.
You can access your shopping list by pressing '$'.
You now have 1402 gold pieces (gained 1060).
There is an open door here.
There is an open door here.
There is an open door here.
There is an open door here.
There is an entrance to Dieduomi's Jewellery Emporium here.
C - the amulet "Lyahuogh" {Faith rF+ Dex+4} Thank you for shopping at Dieduomi's Jewellery Emporium!
Put on which piece of jewellery? (? for menu, Esc to quit)
You feel a surge of divine interest.
C - the amulet "Lyahuogh" (around neck) {Faith rF+ Dex+4}
Okay, then.
Are you sure you want to abandon this character and quit the game? (Confirm with "yes".)

##### ##...## #####
#.....##########...#
#..@..'.......'.....
#.....#########..\..
##...#####....'.....
##'###....#####...#
#.##..#### ##'##
#.#..## ##'## #'#'##
###...# ##...##
##...... #.....#
##.......


There were no monsters in sight!

Action                   |  1- 3 |  4- 6 |  7- 9 | 10-12 || total
-------------------------+-------+-------+-------+-------++-------
Melee: War axe           |    90 |   107 |    74 |       ||   271
       Headbutt          |     7 |    23 |    80 |    25 ||   135
       Broad axe         |       |       |   225 |    81 ||   306
Evoke: Wand              |       |       |     3 |       ||     3
  Use: Potion            |       |     1 |     2 |     4 ||     7
       Scroll            |       |       |    13 |     6 ||    19
 Stab: Distracted        |       |       |     1 |       ||     1
       Invisible         |       |       |       |     1 ||     1
  Eat: Chunk             |     4 |     4 |    11 |     3 ||    22
Armor: Scale mail        |    35 |    24 |       |       ||    59
       Chain mail        |       |    25 |   105 |       ||   130
       Plate armour      |       |       |    19 |    28 ||    47
       Skin              |       |       |     3 |    20 ||    23
Dodge: Dodged            |    32 |    31 |    86 |    29 ||   178
Block: Shield            |    44 |    42 |   174 |    59 ||   319

Notes
Turn   | Place    | Note
-------+----------+-------------------------------------------
     0 | D:1      | Duffy the Minotaur Fighter began the quest for the Orb.
     0 | D:1      | Reached XP level 1. HP: 19/19 MP: 0/0
   239 | D:1      | Reached XP level 2. HP: 23/27 MP: 1/1
  1367 | D:2      | Reached XP level 3. HP: 33/33 MP: 2/2
  1386 | D:2      | Reached skill level 3 in Axes
  1565 | D:2      | Reached skill level 4 in Fighting
  1565 | D:2      | Reached skill level 4 in Armour
  1697 | D:2      | Reached skill level 1 in Dodging
  1734 | D:2      | Found an oddly glowing altar of Pakellas.
  2102 | D:3      | Reached skill level 4 in Shields
  2103 | D:3      | Reached XP level 4. HP: 39/40 MP: 3/3
  2228 | D:3      | Found a faded altar of an unknown god.
  2503 | D:3      | Reached skill level 4 in Axes
  2503 | D:3      | Reached XP level 5. HP: 44/47 MP: 4/4
  2504 | D:3      | Reached skill level 2 in Dodging
  3043 | D:4      | Noticed Aquadorian's ghost (amateur DsCK)
  3053 | D:4      | Killed Aquadorian's ghost
  3053 | D:4      | Reached skill level 5 in Fighting
  3053 | D:4      | Reached skill level 5 in Armour
  3053 | D:4      | Reached skill level 5 in Shields
  3053 | D:4      | Reached XP level 6. HP: 46/56 MP: 5/5
  3203 | D:4      | Reached skill level 3 in Dodging
  3244 | D:4      | Reached XP level 7. HP: 15/61 MP: 6/6
  3552 | D:4      | Noticed Grinder
  3561 | D:4      | Killed Grinder
  3561 | D:4      | Reached skill level 5 in Axes
  4135 | D:4      | Found a snail-covered altar of Cheibriados.
  4142 | D:4      | Became a worshipper of Cheibriados the Contemplative
  4183 | D:4      | Found an oddly glowing altar of Pakellas.
  4194 | D:4      | Found a white marble altar of Elyvilon.
  4223 | D:4      | Reached skill level 4 in Dodging
  4390 | D:4      | Reached skill level 6 in Armour
  4448 | D:5      | Entered Level 5 of the Dungeon
  4457 | D:5      | Reached skill level 6 in Shields
  4678 | D:5      | Noticed Duffy's ghost (amateur MiFi)
  4690 | D:5      | Killed Duffy's ghost
  4690 | D:5      | Reached skill level 6 in Fighting
  4690 | D:5      | Reached XP level 8. HP: 52/70 MP: 7/7
  5224 | D:5      | Reached skill level 6 in Axes
  5297 | D:5      | Reached * piety under Cheibriados
  5750 | D:5      | Reached skill level 5 in Dodging
  5824 | D:6      | Reached skill level 7 in Axes
  5847 | D:6      | Reached skill level 7 in Shields
  5853 | D:6      | Reached skill level 7 in Armour
  6006 | D:6      | Reached ** piety under Cheibriados
  6039 | D:6      | Reached skill level 7 in Fighting
  6039 | D:6      | Reached XP level 9. HP: 64/79 MP: 8/8
  6217 | D:6      | Found a staircase to the Ecumenical Temple.
  6690 | D:7      | Reached skill level 8 in Axes
  6771 | D:7      | Reached skill level 1 in Invocations
  6842 | D:7      | Reached skill level 2 in Invocations
  6844 | D:7      | Reached *** piety under Cheibriados
  6846 | D:7      | Found a runed door.
  6848 | D:7      | Found a runed door.
  6874 | D:7      | Reached skill level 9 in Axes
  6874 | D:7      | Reached skill level 3 in Invocations
  7255 | D:7      | Found a runed door.
  7259 | D:7      | Noticed Crazy Yiuf
  7261 | D:7      | Killed Crazy Yiuf
  7611 | D:8      | Noticed Pikel
  7623 | D:8      | Killed Pikel
  7623 | D:8      | Reached skill level 4 in Invocations
  7739 | D:8      | Reached **** piety under Cheibriados
  7739 | D:8      | Reached skill level 10 in Axes
  7794 | D:8      | Found Damy's Assorted Antiques.
  7813 | D:8      | Bought a scroll labeled EMOSTR YSKE for 31 gold pieces
  7813 | D:8      | Bought a coppery potion for 27 gold pieces
  7813 | D:8      | Bought a scroll labeled QAUGEGHU KEYMY for 31 gold pieces
  7942 | D:8      | Found a radiant altar of Vehumet.
  7943 | D:8      | Found an ancient bone altar of Kikubaaqudgha.
  8032 | D:8      | Found a basalt altar of Yredelemnul.
  8037 | D:8      | Found an iron altar of Okawaru.
  8210 | D:9      | Noticed Erolcha
  8224 | D:9      | Killed Erolcha
  8224 | D:9      | Reached skill level 5 in Invocations
  8224 | D:9      | Reached XP level 10. HP: 27/86 MP: 11/13
  8561 | D:9      | Found Quseqadi's Assorted Antiques.
  8567 | D:9      | Reached skill level 6 in Invocations
  8630 | D:9      | Bought a fuming green potion for 28 gold pieces
  8713 | D:9      | Found Joocolur's Food Shoppe.
  8793 | D:9      | Reached skill level 11 in Axes
  8838 | D:9      | Found Velefeh's Assorted Antiques.
  8841 | D:9      | Bought a scroll labeled ARAENY MONOS for 36 gold pieces
  8841 | D:9      | Bought a scroll of identify for 72 gold pieces
  8841 | D:9      | Bought a ruby potion for 32 gold pieces
  8845 | D:9      | Found Janledalei's Magic Scroll Shoppe.
  8848 | D:9      | Bought a scroll of identify for 28 gold pieces
  8848 | D:9      | Bought a scroll of magic mapping for 49 gold pieces
  8929 | D:9      | Noticed Aquadorian's ghost (journeyman TrCK)
  8968 | D:9      | Reached ***** piety under Cheibriados
  8971 | D:9      | Killed Aquadorian's ghost
  8971 | D:9      | Reached skill level 7 in Invocations
  9594 | D:10     | Entered Level 10 of the Dungeon
  9599 | D:10     | Reached skill level 12 in Axes
  9642 | D:11     | Found a flickering gateway to a bazaar.
  9651 | Bazaar   | Entered a bazaar
  9711 | Bazaar   | Found Tenekhaj's Weapon Boutique.
  9781 | Bazaar   | Found Yfotull's Jewellery Shoppe.
  9815 | Bazaar   | Found Jiwuh's Weapon Shoppe.
  9844 | Bazaar   | Found Dieduomi's Jewellery Emporium.
  9866 | Bazaar   | Found Ywo Esse's Distillery.
  9892 | Bazaar   | Bought the amulet "Lyahuogh" {Faith rF+ Dex+4} for 936 gold pieces
  9893 | Bazaar   | Quit the game

Skill      XL: |  1  2  3  4  5  6  7  8  9 10 |
---------------+-------------------------------+-----
Axes           | 3 4 5 7 10 12 | 12.1
Fighting       | 4 5 6 7 |  7.2
Armour         | 4 5 6 7 |  7.3
Dodging        | 1 2 3 4 5 |  5.7
Shields        | 4 5 6 7 |  7.3
Invocations    | 5 7 |  7.9

Vault maps used:
D:1:      lemuel_arrival_lava_pool
D:2:      first_bread, grunt_pakellas_basics
D:3:      ecumenical_altar_1, grunt_ministairs_10
D:4:      lemuel_round_altar, amethyst_overflow_temple_binary, st_stairs_11,
          uniq_grinder
D:5:      minmay_misc_feat_x
D:6:      abandoned_shop
D:7:      lemuel_insect_pit, uniq_crazy_yiuf_cottage
D:8:      nicolae_overflow_hidden_temple, serial_shops, shop_coins, uniq_pikel
D:9:      serial_shops, kennysheep_little_box, shop, kennysheep_mini,
          nicolae_shop_behind_doors, uniq_erolcha
D:10:     david_lair_generic, erik_orc_2, fedhas_altar_1
D:11:     serial_shops, bzr_entry_water, blue_anna_alchemist
Bazaar:   bazaar_jpeg_circle_rare_1

Vanquished Creatures
  The ghost of Aquadorian the Basher, a journeyman TrCK of Xom Erolcha Pikel
  A centaur skeleton
  A troll Grinder
  A two-headed ogre
  The ghost of Duffy the Covered, an amateur MiFi
  A hippogriff
  The ghost of Aquadorian the Chopper, an amateur DsCK of Xom
  An ice beast
  A sky beast
  4 slaves
  2 phantoms
  A necrophage
  A black bear
  2 wasps
  4 ogres
  3 centaurs
  A crocodile
  4 giant frogs
  A water moccasin skeleton
  6 scorpions
  8 wights
  A howler monkey
  2 crimson imps
  A giant frog zombie
  2 quasits
  A jelly
  6 hounds
  2 giant frog skeletons
  2 orc priests Crazy Yiuf
  9 orc wizards
  2 iguanas
  14 worker ants
  A hound zombie
  2 hound skeletons
  11 adders
  2 adder zombies
  2 adder skeletons
  A worm
  4 dart slugs
  8 giant geckos
  37 orcs
  A ball python
  9 giant cockroaches
  4 hobgoblins
  11 jackals
  4 quokkas
  4 bats
  11 giant newts
  4 goblins
  10 kobolds
  6 rats
  2 butterflies
226 creatures vanquished.
